 Dungeon Crawl Stone Soup version 0.31-a0-187-gba352fbbf7 (webtiles) character file.

Game seed: 6099366812718244185

424 qw the Skirmisher (level 6, -3/36 HPs)
             Began as a Deep Elf Hunter on June 22, 2023.
             Slain by a bullfrog (7 damage)
             ... in a sewer.
             The game lasted 00:01:05 (2083 turns).

qw the Skirmisher (Deep Elf Hunter)                 Turns: 2083, Time: 00:01:05

Health: -3/36      AC:  7    Str: 10    XL:     6   Next: 64%
Magic:  8/8        EV: 16    Int: 14    God:
Gold:   196        SH:  0    Dex: 18    Spells: 5/5 levels left

rFire   . . .        Y - +3 orcbow (freeze)
rCold   . . .        (shield currently unavailable)
rNeg    + . .        f - +0 ring mail
rPois   .            c - +1 helmet
rElec   .            (no cloak)
rCorr   .            (no gloves)
SInv    .            (no boots)
Will    .....        (no amulet)
Stlth   +            i - +5 ring of evasion
HPRegen 0.26/turn    a - ring of positive energy
MPRegen 0.11/turn

%: no passive effects
@: no status effects
A: no striking features
a: no special abilities


You were in a sewer.
You visited 1 branch of the dungeon, and saw 3 of its levels.
You also visited: Sewer.

You collected 196 gold pieces.


   Skills:
 - Level 2.3 Fighting
 - Level 10.0 Ranged Weapons
 + Level 2.9 Dodging
 - Level 1.2 Stealth


You had 5 spell levels left.
You didn't know any spells.
Your spell library was empty.

Inventory:

Hand Weapons
 Y - a +3 orcbow of freezing (weapon)
Armour
 c - a +1 helmet (worn)
 f - a +0 ring mail (worn)
Jewellery
 a - a ring of positive energy (right hand)
 i - a +5 ring of evasion (left hand)
Scrolls
 e - 2 scrolls of identify
Potions
 h - 3 potions of curing

Dungeon Overview and Level Annotations

Branches:
Dungeon (3/15)              Sewer (1/1)

Altars:


Message History

The arrow closely misses the ball python.
The ball python bites you. x2; The ball python constricts you.
You shoot an arrow.
The arrow barely misses the ball python.
The ball python barely misses you. The ball python misses you.
The ball python constricts you.
The ball python bites you but does no damage.
You shoot an arrow.
The arrow completely misses the ball python.
The ball python closely misses you. The ball python constricts you.
The ball python bites you but does no damage.
The ball python closely misses you. The ball python constricts you.
You shoot an arrow. The arrow hits the ball python!
The ball python seems to slow down.
The arrow freezes the ball python.
You kill the ball python!
A bullfrog comes into view.
The bullfrog hits you. The ball python completely misses you.
The ball python closely misses you.
You shoot an arrow. The arrow closely misses the bullfrog.
The bullfrog completely misses you. The ball python closely misses you.
The ball python misses you. The bullfrog barely misses you.
The ball python barely misses you. x2
You shoot an arrow. The arrow barely misses the bullfrog.
The bullfrog completely misses you. The ball python closely misses you.
The ball python grabs you. The ball python constricts you.
You shoot an arrow. The arrow hits the ball python!
The arrow freezes the ball python.
You kill the ball python!
The bullfrog hits you but does no damage.
The bullfrog hits you! x2
You shoot an arrow. The arrow hits the bullfrog!
The bullfrog seems to slow down.
The arrow freezes the bullfrog.
The bullfrog is severely wounded.
The bullfrog hits you.
The bullfrog hits you but does no damage.
The bullfrog closely misses you.
You shoot an arrow. The arrow closely misses the bullfrog.
The bullfrog hits you but does no damage.
The bullfrog hits you!
You die...

#~~~.## ##~~~~#.~~%# #~.~##
~~~....~##~.~##~~.## ~~~~#
..?)(.~.~#.~~~#~~~.# ~~~~#
~~.?)?.~~#~~.~#~~.\# .~~~#
..~~$~~~~#~~~~#~~..# #~~~##
~~~.~~.#~.~##~~~## #.~~.##
~~.~.#~~~#~%.~# ##.~~.###
#~F##~~##~%~##
~##~.~~~#######F@#~~##~%~~#
.~###~.~~~~....~##~~#.%~.##
.~~~####~~~~.~..#.~~~~~~##
~~~~~~~#~\~#######~%~####
###..~~#####~~.~~#~.##
~~####~.~~~~~~.~~####
~...~#########~~.#
##.\...~~~~~%~~~~#
#####.~.~~~%%~~~#


You could see 2 bullfrogs.

Vanquished Creatures
  Sigmund (D:2)
  A scorpion (D:3)
  Terence (D:2)
  Robin (D:2)
  6 adders
  A river rat (D:3)
  2 worms (D:3)
  A dart slug (D:2)
  5 bats
  10 endoplasms
  10 giant cockroaches
  9 goblins
  6 hobgoblins
  3 jackals (D:3)
  12 quokkas
  12 ball pythons
  19 frilled lizards
  5 kobolds
  5 rats
110 creatures vanquished.

Notes
Turn   | Place    | Note
-------+----------+-------------------------------------------
     0 | D:1      | qw the Deep Elf Hunter began the quest for the Orb.
     0 | D:1      | Reached XP level 1. HP: 12/12 MP: 3/3
     0 | D:1      | 0 ||| qw: Version: 0.3-a-9-g12657ce
     0 | D:1      | 0 ||| qw: Game counter: 2339
     0 | D:1      | 0 ||| qw: Always use a shield: true
     0 | D:1      | 0 ||| qw: God list: Okawaru
     0 | D:1      | 0 ||| qw: Allow faded altars: false
     0 | D:1      | 0 ||| qw: Do Orc after D:15 true
     0 | D:1      | 0 ||| qw: Do second Lair branch before Depths: true
     0 | D:1      | 0 ||| qw: Lair rune preference: random
     0 | D:1      | 0 ||| qw: Plans: Normal
     0 | D:1      | 0 ||| PLANNING D:1-11
   154 | D:1      | Reached XP level 2. HP: 16/16 MP: 4/4
   168 | D:1      | Reached skill level 6 in Ranged Weapons
   283 | D:1      | Found a faded altar of an unknown god.
   713 | D:1      | 713 ||| UPGRADING to +0 ring mail.
   723 | D:1      | 723 ||| DROPPING +0 leather armour.
   724 | D:1      | 724 ||| UPGRADING to +5 ring of evasion.
   725 | D:1      | 725 ||| READING scroll labelled JATTUU SIUM.
   725 | D:1      | Identified a scroll of acquirement
   725 | D:1      | 725 ||| ACQUIRING ring of positive energy
   725 | D:1      | Acquired a ring of positive energy
   727 | D:1      | 727 ||| UPGRADING to ring of positive energy.
   728 | D:1      | 728 ||| READING 2 scrolls labelled VERAIVVIENE.
   729 | D:1      | 729 ||| READING scroll labelled ZOTRED VASM.
   730 | D:1      | 730 ||| DROPPING scroll of butterflies.
   777 | D:2      | 777 ||| READING scroll of acquirement.
   777 | D:2      | 777 ||| ACQUIRING +2 orcbow of freezing
   777 | D:2      | Acquired a +2 orcbow of freezing
   779 | D:2      | 779 ||| SWAPPING to +2 orcbow of freezing.
   780 | D:2      | 780 ||| DROPPING +0 shortbow.
   787 | D:2      | Reached XP level 3. HP: 20/20 MP: 5/5
   910 | D:2      | Noticed Sigmund
   913 | D:2      | Killed Sigmund
   914 | D:2      | Reached skill level 8 in Ranged Weapons
   914 | D:2      | Reached XP level 4. HP: 22/25 MP: 6/6
   914 | D:2      | Reached XP level 5. HP: 26/29 MP: 7/7
   966 | D:2      | Noticed Robin
   976 | D:2      | Killed Robin
   977 | D:2      | Reached skill level 9 in Ranged Weapons
  1186 | D:2      | Noticed Terence
  1191 | D:2      | Killed Terence
  1420 | D:2      | 1420 ||| UPGRADING to +1 helmet.
  1425 | D:2      | 1425 ||| READING scroll labelled BUEDGH KIWUDACK.
  1426 | D:2      | 1426 ||| READING 3 scrolls of identify.
  1426 | D:2      | 1426 ||| IDENTIFYING viscous green potion
  1427 | D:2      | 1427 ||| READING 2 scrolls of identify.
  1427 | D:2      | 1427 ||| IDENTIFYING purple potion
  1428 | D:2      | 1428 ||| DROPPING potion of berserk rage.
  1463 | D:3      | 1463 ||| PLANNING SEWER
  1601 | D:3      | Reached XP level 6. HP: 36/36 MP: 8/8
  1740 | D:3      | 1740 ||| Stepping ~*~*~tactically~*~*~ (water).
  1794 | D:3      | 1794 ||| Stepping ~*~*~tactically~*~*~ (water).
  1809 | D:3      | Found a glowing drain.
  1811 | D:3      | 1811 ||| READING scroll labelled TOTAMUSYQEQU.
  1812 | D:3      | 1812 ||| READING 3 scrolls of identify.
  1812 | D:3      | 1812 ||| IDENTIFYING cyan potion
  1813 | D:3      | 1813 ||| DROPPING potion of attraction.
  1817 | Sewer    | Entered a sewer
  1842 | Sewer    | 1842 ||| Stepping ~*~*~tactically~*~*~ (water).
  1850 | Sewer    | 1850 ||| Stepping ~*~*~tactically~*~*~ (water).
  1865 | Sewer    | 1865 ||| Stepping ~*~*~tactically~*~*~ (water).
  1868 | Sewer    | 1868 ||| Stepping ~*~*~tactically~*~*~ (water).
  1870 | Sewer    | 1870 ||| Stepping ~*~*~tactically~*~*~ (water).
  1877 | Sewer    | 1877 ||| Stepping ~*~*~tactically~*~*~ (water).
  1925 | Sewer    | 1925 ||| Stepping ~*~*~tactically~*~*~ (water).
  1934 | Sewer    | 1934 ||| Stepping ~*~*~tactically~*~*~ (water).
  1939 | Sewer    | 1939 ||| Stepping ~*~*~tactically~*~*~ (water).
  1941 | Sewer    | 1941 ||| Stepping ~*~*~tactically~*~*~ (water).
  1955 | Sewer    | 1955 ||| Stepping ~*~*~tactically~*~*~ (water).
  1962 | Sewer    | Reached skill level 10 in Ranged Weapons
  1970 | Sewer    | 1970 ||| Stepping ~*~*~tactically~*~*~ (water).
  1976 | Sewer    | 1976 ||| Stepping ~*~*~tactically~*~*~ (water).
  1995 | Sewer    | 1995 ||| Stepping ~*~*~tactically~*~*~ (water).
  1997 | Sewer    | 1997 ||| Stepping ~*~*~tactically~*~*~ (water).
  2002 | Sewer    | 2002 ||| Stepping ~*~*~tactically~*~*~ (water).
  2012 | Sewer    | 2012 ||| Stepping ~*~*~tactically~*~*~ (water).
  2034 | Sewer    | 2034 ||| Stepping ~*~*~tactically~*~*~ (water).
  2053 | Sewer    | 2053 ||| Stepping ~*~*~tactically~*~*~ (water).
  2081 | Sewer    | HP: 5/36 [bullfrog (7)]
  2083 | Sewer    | Slain by a bullfrog

Levels and vault maps discovered:
D:1:      giann_bridges, layout_loops_ring, chequers_ecumenical_altar_twisty,
          nrook_mini_vaults, minmay_misc_feat_room, minmay_box_of_dots
D:2:      layout_loops_ring, uniq_terence, uniq_robin, uniq_sigmund
D:3:      layout_basic, nicolae_overflow_hidden_temple, gup_sewer_entry_spiral
Sewer:    sewer_frog_island_02

Skill      XL: |  1  2  3  4  5  6 |
---------------+-------------------+-----
Ranged Weapons | 6 8 9 10 | 10.0
Fighting       | 2 |  2.3
Dodging        | |  2.9
Stealth        | |  1.2

Action                     |  1- 3 |  4- 6 || total
---------------------------+-------+-------++-------
   Fire: Shortbow          |    63 |       ||    63
         Orcbow            |     7 |   179 ||   186
    Use: Scroll            |     4 |     5 ||     9
 Armour: Leather armour    |     6 |       ||     6
         Ring mail         |       |    26 ||    26
  Dodge: Dodged            |     8 |    54 ||    62

Table legend:
 A = Non-vault XP
 B = Vault XP
 C = Vault XP percentage of total XP
 D = Non-vault monster count
 E = Vault monster count
 F = Vault count percentage of total count
                 A         B        C        D         E       F
            +---------+---------+-------+---------+---------+-------
      Total |     206 |     400 |  66.0 |      50 |      60 |  54.5
            +---------+---------+-------+---------+---------+-------
        D:1 |      34 |       5 |  12.8 |      21 |       3 |  12.5
        D:2 |      32 |     272 |  89.5 |      11 |       9 |  45.0
        D:3 |     140 |      21 |  13.0 |      18 |       6 |  25.0
      Sewer |       0 |     102 | 100.0 |       0 |      42 | 100.0
            +---------+---------+-------+---------+---------+-------
